 Dungeon Crawl Stone Soup version 0.25-a0-842-g81a31cfd23 (webtiles) character file.

Game seed: 4686891757357533682, levelgen mode: deterministic

128 Conn the Firebug (level 5, -1/31 HPs)
             Began as an Octopode Fire Elementalist on Apr 24, 2020.
             Slain by Sigmund
             ... wielding a +0 scythe
              (15 damage)
             ... on level 3 of the Dungeon.
             The game lasted 00:05:58 (2260 turns).

Conn the Firebug (Octopode Fire Elementalist)       Turns: 2260, Time: 00:05:59

Health: -1/31      AC:  1    Str:  8    XL:     5   Next: 12%
Magic:  4/9        EV: 13    Int: 18    God:
Gold:   36         SH:  0    Dex: 12    Spells: 2/9 levels left

rFire    . . .     SeeInvis .   d - +0 short sword (drain)
rCold    . . .     Gourm    .   (no shield)
rNeg     . . .     Faith    .   (helmet restricted)
rPois    .         Spirit   .   (no amulet)
rElec    .         Reflect  .   (no ring)
rCorr    .         Harm     .   (no ring)
MR       .....                  (no ring)
Stlth    +++.......             (no ring)
HPRegen  0.10/turn              (no ring)
MPRegen  0.11/turn              (no ring)
                                (no ring)
                                (no ring)

@: no status effects
A: almost no armour, stealthy swim, amphibious, 8 rings, constrict 8, camouflage
1, gelatinous body 1
a: no special abilities


You were on level 3 of the Dungeon.
You were near starving.

You visited 1 branch of the dungeon, and saw 3 of its levels.

You collected 36 gold pieces.

Inventory:

Hand Weapons
 d - a +0 short sword of draining (weapon)
 g - a cursed -1 hunting sling
Armour
 i - a +0 buckler of protection
Scrolls
 e - a scroll of random uselessness {unknown}
 h - 2 scrolls of fear {unknown}
 k - a scroll of fog {unknown}
 l - a scroll of teleportation {unknown}
 m - a scroll of identify {unknown}
Potions
 c - a potion of flight {unknown}
 f - a potion of might {unknown}
 j - a potion of haste {unknown}
 n - 2 potions of ambrosia {unknown}
Comestibles
 b - 4 rations


   Skills:
 + Level 0.1 Fighting
 + Level 0.6 Short Blades
 + Level 2.4 Dodging
 + Level 3.3 Stealth
 * Level 2.7 Spellcasting
 + Level 2.1 Conjurations
 + Level 4.1 Fire Magic


You had 2 spell levels left.
You knew the following spells:

 Your Spells              Type           Power        Failure   Level  Hunger
a - Foxfire               Conj/Fire      ##..         4%          1    #......
b - Conjure Flame         Conj/Fire      ##......     14%         3    ###....
c - Inner Flame           Hex/Fire       ##......     22%         3    ###....

Your spell library contained the following spells:

 Spells                   Type           Power        Failure   Level  Hunger
 Sticky Flame             Conj/Fire      ##......     41%         4    #####..
 Fireball                 Conj/Fire      ##........   77%         5    ######.


Dungeon Overview and Level Annotations

Branches:
Dungeon (3/15)

Altars:
Cheibriados
Elyvilon
Fedhas
Kikubaaqudgha
Ru

Annotations:
D:3 Sigmund


Innate Abilities, Weirdness & Mutations

You cannot wear most types of armour.
You are very stealthy in the water. (Stealth+)
You are amphibious.
You can wear up to eight rings at the same time.
You can use your tentacles to constrict eight enemies at once.
Your skin changes colour to match your surroundings (Stealth+).
Your rubbery body absorbs attacks. (AC +1, EV +1)


Message History

Casting: Foxfire (safe; 4% risk of failure)
Confirm with . or Enter, or press ? or * to list all spells.
You conjure some foxfire!
Sigmund hits you from afar with a +0 scythe!
The foxfire hits Sigmund.
Sigmund is severely wounded.
The foxfire hits Sigmund.
Sigmund is severely wounded.
Sigmund casts a spell.
Sigmund flickers and vanishes!
Deactivating autopickup; reactivate with Ctrl-A.
Casting: Foxfire (safe; 4% risk of failure)
Confirm with . or Enter, or press ? or * to list all spells.
You conjure some foxfire!
Something hits you.
The foxfire hits something. x2
Unknown command.
Casting: Foxfire (safe; 4% risk of failure)
Confirm with . or Enter, or press ? or * to list all spells.
You conjure some foxfire!
Something hits you!
You die...

## ### # #.# ##..# #.
#.###.#.## # .## #.#.....
.### .. #..##.# ..... #.
#####.##.##...#
##.#.####.....{v§<....#
.....(..†%.##.#v@##..#...
.....####†)##.#.§##.....
..... ##<††.......!#.##
..⌠.. #)...#.###.. ..
#...# #.[..#.# # # ##.#
#......# .. ##...### ...
#...# #...#


There were no monsters in sight!

Vanquished Creatures
  3 gnolls (D:2)
  3 adders
  A river rat (D:3)
  A dart slug (D:1)
  3 leopard geckos
  2 orcs (D:3)
  5 giant cockroaches
  4 goblins
  8 hobgoblins
  4 jackals (D:2)
  5 bats
  2 frilled lizards
  8 kobolds
  9 rats
58 creatures vanquished.

Vanquished Creatures (others)
  120 foxfires
120 creatures vanquished.

Grand Total: 178 creatures vanquished

Notes
Turn   | Place    | Note
-------+----------+-------------------------------------------
     0 | D:1      | Conn the Octopode Fire Elementalist began the quest for the
                  | Orb.
     0 | D:1      | Reached XP level 1. HP: 11/11 MP: 3/3
    79 | D:1      | Reached XP level 2. HP: 17/17 MP: 1/5
   578 | D:1      | Reached XP level 3. HP: 21/21 MP: 3/6
   877 | D:2      | Reached skill level 4 in Fire Magic
   887 | D:2      | Found a white marble altar of Elyvilon.
   887 | D:2      | Found a blossoming altar of Fedhas.
   888 | D:2      | Found a sacrificial altar of Ru.
   889 | D:2      | Found an ancient bone altar of Kikubaaqudgha.
   889 | D:2      | Found a snail-covered altar of Cheibriados.
  1204 | D:2      | Reached XP level 4. HP: 26/27 MP: 4/7
  1732 | D:2      | Learned a level 3 spell: Conjure Flame
  1736 | D:2      | Learned a level 3 spell: Inner Flame
  1903 | D:3      | Reached XP level 5. HP: 26/31 MP: 4/8
  1917 | D:3      | Noticed Sigmund
  2260 | D:3      | Slain by Sigmund

Levels and vault maps discovered:
D:1:      zaba_arrival_water, layout_rooms, roderic_lattice_a
D:2:      layout_loops_corners, grunt_temple_overflow_open
D:3:      layout_loops_cross, overflow_temple_1_default, portal_sewer_entry_a,
          first_ration, hangedman_feature_mirror, uniq_terence, uniq_sigmund

Skill      XL: |  1  2  3  4 |
---------------+-------------+-----
Fire Magic     | 4 |  4.1
Stealth        | 3 |  3.3
Conjurations   | 2 |  2.1
Fighting       | |  0.1
Short Blades   | |  0.6
Dodging        | |  2.4
Spellcasting   | |  2.7

Action                   |  1- 3 |  4- 6 || total
-------------------------+-------+-------++-------
Melee: Unarmed           |     7 |       ||     7
       Constrict         |     6 |     2 ||     8
       Tentacles         |     2 |     3 ||     5
       Short sword       |    17 |    13 ||    30
 Cast: Foxfire           |    37 |    34 ||    71
  Use: Potion            |       |     2 ||     2
 Stab: Sleeping          |     3 |     2 ||     5
  Eat: Chunk             |     1 |     2 ||     3
Armor: Skin              |     2 |       ||     2
Dodge: Dodged            |    29 |    29 ||    58

Table legend:
 A = Non-vault XP
 B = Vault XP
 C = Vault XP percentage of total XP
 D = Non-vault monster count
 E = Vault monster count
 F = Vault count percentage of total count
                 A         B        C        D         E       F
            +---------+---------+-------+---------+---------+-------
      Total |     150 |      34 |  18.5 |      53 |       5 |   8.6
            +---------+---------+-------+---------+---------+-------
        D:1 |      47 |       0 |   0.0 |      28 |       0 |   0.0
        D:2 |      95 |       0 |   0.0 |      21 |       0 |   0.0
        D:3 |       8 |      34 |  81.0 |       4 |       5 |  55.6
            +---------+---------+-------+---------+---------+-------
